 Dungeon Crawl Stone Soup version 0.29-a0-477-g62b78b4225 (webtiles) character file.

Game seed: 14250070782793654797

39978 hquester the Fighter (level 13, -2/136 HPs)
             Began as a Troll Berserker on May 24, 2022.
             Was a High Priest of Trog.
             Shot with an arrow by Nessos (18 damage)
             ... on level 5 of the Lair of Beasts.
             The game lasted 01:19:18 (15025 turns).

hquester the Fighter (Troll Berserker)             Turns: 15025, Time: 01:19:18

Health: -2/136     AC: 17    Str: 34    XL:     13   Next: 72%
Magic:  12/12      EV: 13    Int:  3    God:    Trog [*****.]
Gold:   1216       SH:  9    Dex: 16    Spells: 12/12 levels left

rFire   . . .      SeeInvis .   D - +9 morningstar (chaos)
rCold   . . .      Faith    .   K - +0 kite shield {AC+3}
rNeg    . . .      Spirit   .   B - +2 troll leather armour
rPois   .          Reflect  .   (helmet restricted)
rElec   .          Harm     .   L - +1 cloak of Moral Flaws {rCorr Dex+3}
rCorr   +          Rampage  .   (gloves unavailable)
Will    +....                   (boots unavailable)
Stlth   +.........              s - amulet of the Yeti {Regen+ Str+6}
HPRegen 2.72/turn               J - +4 ring of protection
MPRegen 0.13/turn               d - ring of willpower

@: lethally poisoned (-2 -> -17)
A: large, unfitting armour, claws 3, regeneration 1, shaggy fur 1, tough skin 1
a: Renounce Religion, Berserk, Trog's Hand, Brothers in Arms


You were on level 5 of the Lair of Beasts.
You worshipped Trog.
Trog was extremely pleased with you.
You visited 3 branches of the dungeon, and saw 19 of its levels.
You also visited: Ossuary, Bailey and Gauntlet.

You collected 1216 gold pieces.

Inventory:

Hand Weapons
 f - the +5 morningstar of the Howling Gods {drain, rElec rCorr MP-9 Dex+2}
   (You found it in a Gauntlet)

   A truly terrible weapon, it drains the life of any living foe it strikes.
   Dex:       It affects your dexterity (+2).
   rElec:     It insulates you from electricity.
   MP:        It affects your magic capacity (-9).
   rCorr:     It protects you from acid and corrosion.
 D - a +9 morningstar of chaos (weapon)
Missiles
 c - 4 large rocks (quivered)
Armour
 B - a +2 troll leather armour (worn)
 K - a +0 kite shield of protection (worn)
 L - the +1 cloak of Moral Flaws (worn) {rCorr Dex+3}
   (You found it in a Gauntlet)

   Dex:       It affects your dexterity (+3).
   rCorr:     It protects you from acid and corrosion.
Jewellery
 d - a ring of willpower (right claw)
 e - a ring of flight
 i - an amulet of faith
 k - a ring of fire
 q - a ring of see invisible
 s - the amulet of the Yeti (around neck) {Regen+ Str+6}
   (You acquired it on level 8 of the Dungeon)

   [amulet of regeneration]

   Str:       It affects your strength (+6).
   Regen:     It increases your rate of health regeneration.
 x - an amulet of reflection
 F - an amulet of guardian spirit
 I - the amulet of Xotah {RegenMP Harm rElec}
   (You found it in a Gauntlet)

   [amulet of magic regeneration]

   It increases your rate of magic regeneration.
   rElec:     It insulates you from electricity.
   Harm:      It increases damage dealt and taken.
 J - a +4 ring of protection (left claw)
 O - a ring of ice
 P - a +6 ring of strength
 S - a ring of willpower
Wands
 b - a wand of iceblast (8)
 h - a wand of digging (19)
 m - a wand of charming (11)
 v - a wand of paralysis (12)
 y - a wand of flame (39)
 Q - a wand of polymorph (2)
Scrolls
 u - 3 scrolls of immolation
 z - 2 scrolls of blinking
 A - 2 scrolls of poison
 C - a scroll of silence {unknown}
 E - 6 scrolls of teleportation
 H - a scroll of fear
 R - 2 scrolls of torment
 V - a scroll of magic mapping
Potions
 a - a potion of invisibility
 g - 4 potions of haste
 j - 5 potions of attraction
 l - 9 potions of curing
 n - 4 potions of mutation
 o - 2 potions of heal wounds
 r - 6 potions of might
 t - a potion of lignification {unknown}
 G - 8 potions of ambrosia
 M - 5 potions of flight
 N - a potion of brilliance {unknown}
 T - a potion of berserk rage
 U - a potion of magic
Miscellaneous
 p - a piece from Xom's chessboard (15/15)
 w - a lightning rod (4/4)


   Skills:
 + Level 10.9 Fighting
 * Level 9.0 Maces & Flails
 + Level 9.3 Throwing
 + Level 4.1 Armour
 + Level 9.2 Dodging
 * Level 5.5 Shields
 - Level 8.5 Unarmed Combat


You had 12 spell levels left.
You didn't know any spells.
Your spell library was empty.

Dungeon Overview and Level Annotations

Branches:
Dungeon (13/15)            Temple (1/1) D:7            Lair (5/6) D:11
  Swamp (0/4) Lair:4        Snake (0/4) Lair:2          Orc (0/2) D:10
Ossuary (visited)          Bailey (visited)         Gauntlet (visited)
  Slime: Lair:5-6    Vaults: D:13-14

Altars:
Ashenzari
Cheibriados
Dithmenos
Elyvilon
Fedhas
Gozag
Hepliaklqana
Kikubaaqudgha
Makhleb
Nemelex Xobeh
Okawaru
Qazlal
Ru
Sif Muna
Trog
Uskayaw
Vehumet
Wu Jian
Xom
Yredelemnul
Zin
The Shining One

Shops:
D:3 ?   D:5 *

Annotations:
Lair:5 Nessos


Innate Abilities, Weirdness & Mutations

You are too large for most types of armour.
You have claws for hands.
Your natural rate of healing is unusually fast.
You are covered in fur. (AC +1)
You have tough skin. (AC +1)


Message History

Nessos closely misses you. You block Nessos's attack.
Nessos closely misses you.
You hit Nessos.
Nessos's magic leaks into the air.
Nessos is severely wounded.
You feel sick.
Nessos gestures wildly while chanting.
Nessos blinks!
Nessos casts a spell.
Nessos blinks!
You feel sick.
Nessos's magic is no longer disrupted.
Nessos wields a +3 longbow of flaming.
It bursts into flame!
Nessos shoots an arrow.
The arrow hits you!! The arrow burns you!
You are more poisoned.
Nessos shoots an arrow.
The arrow hits you. The arrow burns you.
You are more poisoned.
You feel very sick.
Nessos shoots an arrow.
The arrow barely misses you.
Nessos shoots an arrow.
The arrow hits you! The arrow burns you.
You are more poisoned.
You barely miss Nessos.
Nessos is severely wounded.
You feel extremely sick.
Nessos mumbles some strange words.
Nessos blinks!
Nessos shoots an arrow.
The arrow hits you!! The arrow burns you.
* * * LOW HITPOINT WARNING * * *
Throw: 5 large rocks
Press: ? - help, Q - select action, (/) - cycle Shift-Dir - straight line, f/p - Nessos
Aim: Nessos, wielding a +3 longbow of flaming and wearing a +0 barding (severely wounded, fast, 77% to hit)
You throw a large rock. The large rock barely misses Nessos.
You feel extremely sick.
Nessos shoots an arrow.
The arrow hits you!
* * * LOW HITPOINT WARNING * * *
The arrow burns you.
You are more poisoned.
* * * LOW HITPOINT WARNING * * *
Nessos stands on their hind legs for a moment.
Nessos shoots an arrow.
You block the arrow.
Nessos shoots an arrow.
The arrow misses you.
Nessos shoots an arrow.
The arrow hits you!!
You die...

### ### ### ###.###P## #.#
#..@.##..#### #.###
#....(.#........#.####....
...(......................
....................#.....
..........................
...................<......
(.........................
.........c............†...
.......................


You could see Nessos (fast).

Vanquished Creatures
  An entropy weaver (Gauntlet)
  A minotaur (Gauntlet)
  3 boulder beetles
  5 hydras
  3 two-headed ogres
  A centaur warrior (D:11)
  A fire crab (Gauntlet)
  Pikel (D:8)
  An oklob plant (Lair:1)
  An orc knight (Bailey)
  An ugly thing (D:9)
  A wolf spider (Gauntlet)
  A manticore (D:12)
  2 cyclopes
  6 elephants (Lair:3)
  A kobold demonologist (D:12)
  A torpor snail (Lair:2)
  An unseen horror (D:10)
  6 cane toads
  13 komodo dragons
  3 trolls
  A queen bee (Lair:4)
  A hornet (D:9)
  6 meliai
  A polar bear (Lair:1)
  4 blink frogs (Lair:3)
  3 centaur simulacra (Gauntlet)
  A wraith (D:9)
  3 shadows
  4 wyverns
  A vampire (D:9)
  6 fire bats (Gauntlet)
  A steam dragon (D:9)
  25 yaks
  2 basilisks
  4 vampire mosquitoes (D:12)
  A redback (Gauntlet)
  3 nagas (Lair:2)
  An acid dragon (D:11)
  13 water moccasins
  2 hell hounds (Gauntlet)
  A meliai simulacrum (Gauntlet)
  12 orc warriors
  2 black bears
  12 wolves
  2 ogres
  6 centaurs
  4 lemures (D:8)
  2 phantoms
  4 kobold brigands
  8 bullfrogs
  7 scorpions
  3 necrophages
  5 wights (D:8)
  A hornet simulacrum (Gauntlet)
  32 killer bees
  5 howler monkeys
  A hound (D:5)
  A centaur zombie (Ossuary)
  8 orc priests
  2 jellies (D:5)
  8 iguanas
  3 orc wizards
  6 hell rats (Lair:1)
  2 mummies (Ossuary)
  7 gnolls
  2 adders (D:4)
  A shadow imp (D:6)
  2 white imps
  A worm (D:2)
  13 dart slugs
  31 orcs
  5 ball pythons
  9 endoplasms
  5 giant cockroaches
  10 goblins
  8 hobgoblins
  13 jackals
  3 quokkas
  6 bats
  A frilled lizard (D:2)
  5 gnoll zombies (Ossuary)
  2 goblin zombies (Ossuary)
  4 hobgoblin zombies (Ossuary)
  24 kobolds
  2 orc zombies (Ossuary)
  5 rats
  A bush (Lair:1)
434 creatures vanquished.

Vanquished Creatures (others)
  A killer bee zombie (Lair:4)
  8 fungi
  15 plants
24 creatures vanquished.

Grand Total: 458 creatures vanquished

Notes
Turn   | Place    | Note
-------+----------+-------------------------------------------
     0 | D:1      | hquester the Troll Berserker began the quest for the Orb.
     0 | D:1      | Reached XP level 1. HP: 22/22 MP: 0/0
    37 | D:1      | Reached XP level 2. HP: 29/29 MP: 1/1
   550 | D:2      | Reached XP level 3. HP: 36/36 MP: 2/2
   652 | D:2      | Reached ** piety under Trog
   768 | D:2      | Reached skill level 3 in Fighting
   926 | D:2      | Reached skill level 1 in Throwing
  1261 | D:2      | Reached XP level 4. HP: 24/45 MP: 3/3
  1475 | D:3      | Reached XP level 5. HP: 27/53 MP: 4/4
  1605 | D:3      | Reached *** piety under Trog
  1663 | D:3      | Found a shimmering altar of Xom.
  1703 | D:3      | Found Taukeom's Magic Scroll Shop.
  2027 | D:3      | Identified the +10 long sword "Cuytutad" {vorpal, *Rage
                  | Int+3 Dex+3}
  2107 | D:3      | Found a glowing golden altar of the Shining One.
  2161 | D:3      | Reached skill level 4 in Fighting
  2161 | D:3      | Reached XP level 6. HP: 62/62 MP: 5/5
  2193 | D:3      | Found a sacrificial altar of Ru.
  2347 | D:4      | Reached XP level 7. HP: 29/71 MP: 6/6
  2566 | D:4      | Reached **** piety under Trog
  3284 | D:5      | Entered Level 5 of the Dungeon
  3284 | D:5      | Found a white marble altar of Elyvilon.
  3367 | D:5      | Reached skill level 5 in Fighting
  3388 | D:5      | Found a basalt altar of Yredelemnul.
  3399 | D:5      | Reached skill level 5 in Unarmed Combat
  3566 | D:5      | Found Urouklum's CLEARANCE SALE!.
  3780 | D:5      | Reached XP level 8. HP: 63/81 MP: 7/7
  3997 | D:6      | Reached skill level 6 in Fighting
  4126 | D:6      | Reached ***** piety under Trog
  4224 | D:6      | Found a sand-covered staircase.
  4228 | Ossuary  | Entered an ossuary
  4801 | D:7      | Found a staircase to the Ecumenical Temple.
  4811 | Temple   | Entered the Ecumenical Temple
  5254 | D:7      | Reached skill level 5 in Dodging
  5255 | D:7      | Reached XP level 9. HP: 76/92 MP: 8/8
  5311 | D:7      | HP: 4/92 [killer bee (6)]
  5534 | D:7      | Found an ornate altar of the Wu Jian Council.
  5542 | D:7      | Reached skill level 7 in Fighting
  5544 | D:7      | Identified the +0 ring mail of Sutaal {rN+}
  5724 | D:7      | Found a radiant altar of Vehumet.
  5724 | D:7      | Found a hazy altar of Hepliaklqana.
  5732 | D:7      | Found a blossoming altar of Fedhas.
  5734 | D:7      | Found a broken altar of Ashenzari.
  5737 | D:7      | Found a shadowy altar of Dithmenos.
  6175 | D:8      | Found a flagged portal.
  6176 | D:8      | Noticed Pikel
  6221 | D:8      | Killed Pikel
  6222 | D:8      | Reached skill level 5 in Throwing
  6290 | Bailey   | Entered a bailey
  6395 | Bailey   | Received a gift from Trog
  6649 | Bailey   | Reached skill level 8 in Fighting
  6966 | Bailey   | Reached XP level 10. HP: 104/104 MP: 9/9
  6977 | Bailey   | Noticed an orc knight
  7003 | Bailey   | Killed an orc knight
  7022 | Bailey   | Identified the +9 triple crossbow of a Billion Ships
                  | {vorpal, rF+ rN+ Will- Str+6}
  7326 | D:8      | Found a glowing silver altar of Zin.
  7495 | D:8      | Identified a scroll of acquirement
  7495 | D:8      | Acquired the amulet of the Yeti {Regen+ Str+6}
  7808 | D:9      | Noticed a red ugly thing
  7818 | D:9      | Killed a red ugly thing
  7819 | D:9      | Reached skill level 9 in Fighting
  7988 | D:9      | Found a stormy altar of Qazlal.
  8091 | D:10     | Entered Level 10 of the Dungeon
  8334 | D:10     | Found a staircase to the Orcish Mines.
  8348 | D:10     | Noticed a cyclops
  8353 | D:10     | Killed a cyclops
  8354 | D:10     | Reached skill level 1 in Maces & Flails
  8694 | D:10     | Reached XP level 11. HP: 73/115 MP: 10/10
  9082 | D:11     | Noticed a boulder beetle
  9101 | D:11     | Killed a boulder beetle
  9152 | D:11     | Noticed a two-headed ogre
  9160 | D:11     | Killed a two-headed ogre
  9228 | D:11     | Found a staircase to the Lair.
  9299 | D:11     | Noticed a boulder beetle
  9320 | D:11     | Killed a boulder beetle
  9423 | D:11     | Noticed a centaur warrior
  9434 | D:11     | Killed a centaur warrior
  9646 | D:11     | Noticed a two-headed ogre
  9655 | D:11     | Killed a two-headed ogre
 10139 | D:12     | Reached skill level 5 in Maces & Flails
 10241 | D:12     | Reached skill level 10 in Fighting
 10349 | D:12     | Found a gate leading to a gauntlet.
 10355 | Gauntlet | Entered a Gauntlet
 10355 | Gauntlet | Found a transporter.
 10362 | Gauntlet | Found a transporter.
 10365 | Gauntlet | Found a transporter.
 10366 | Gauntlet | Found a transporter.
 10377 | Gauntlet | Found a transporter.
 10377 | Gauntlet | Found a transporter.
 10378 | Gauntlet | Found a transporter.
 10380 | Gauntlet | Noticed a fire crab
 10387 | Gauntlet | Found a transporter.
 10389 | Gauntlet | Found a transporter.
 10390 | Gauntlet | Found a transporter.
 10392 | Gauntlet | Noticed a wolf spider
 10393 | Gauntlet | Noticed an entropy weaver
 10401 | Gauntlet | Found a transporter.
 10401 | Gauntlet | Found a transporter.
 10402 | Gauntlet | Found a transporter.
 10410 | Gauntlet | Found a transporter.
 10492 | Gauntlet | Reached XP level 12. HP: 126/126 MP: 11/11
 10589 | Gauntlet | Reached skill level 1 in Armour
 10619 | Gauntlet | Identified the +0 helmet "Rotew" {Int+2}
 10647 | Gauntlet | Killed an entropy weaver
 10659 | Gauntlet | Identified the amulet of Xotah {RegenMP Harm rElec}
 10713 | Gauntlet | Identified the +5 morningstar of the Howling Gods {drain,
                  | rElec rCorr MP-9 Dex+2}
 10778 | Gauntlet | Identified the +7 flail "Wueth" {vorpal, rPois Str-2 Dex+9}
 10778 | Gauntlet | Noticed a minotaur
 10782 | Gauntlet | Killed a minotaur
 10800 | Gauntlet | Identified the +1 cloak of Moral Flaws {rCorr Dex+3}
 11069 | D:12     | Noticed a two-headed ogre
 11079 | D:12     | Killed a two-headed ogre
 11080 | D:12     | Reached skill level 1 in Shields
 11503 | Lair:1   | Entered Level 1 of the Lair of Beasts
 11977 | Lair:1   | Noticed a seven-headed hydra
 11981 | Lair:1   | Killed a seven-headed hydra
 11984 | Lair:1   | Noticed a five-headed hydra
 11997 | Lair:1   | Killed a five-headed hydra
 12010 | Lair:1   | Found the +1 robe of Vines {NoPotionHeal Regen++++}
 12401 | Lair:2   | Noticed a boulder beetle
 12420 | Lair:2   | Killed a boulder beetle
 12421 | Lair:2   | Reached XP level 13. HP: 135/135 MP: 12/12
 12606 | Lair:2   | Found a staircase to the Snake Pit.
 13982 | Lair:3   | Reached skill level 5 in Shields
 14417 | Lair:4   | Identified the +3 scale mail of Seotaddi {rC- rN+ Dex+6
                  | SInv}
 14694 | Lair:4   | Found a staircase to the Swamp.
 15017 | Lair:5   | Noticed Nessos
 15025 | Lair:5   | Shot with an arrow by Nessos

Illustrated notes

Levels and vault maps discovered:
D:1:      dpeg_arrival_tiny_f, layout_rooms, minmay_tiny_reverse_x
D:2:      layout_basic
D:3:      kennysheep_slugbush, layout_basic, xom_butterflies,
          lemuel_doored_altar, tso_altar, serial_shops, shop,
          minmay_close_crescents
D:4:      layout_loops_corners
D:5:      layout_loops_ring, lemuel_crystal_altar, yredelemnul_altar_generic,
          nicolae_shop_clearance
D:6:      layout_layer_cave, nicolae_ossuary_entry_plus
D:7:      layout_gridville, chequers_temple_overflow_minitemple,
          lemuel_round_altar, minmay_temple_entry_wispy
D:8:      layout_rooms, mainiacjoe_overflow_brackets, enter_bailey_5,
          chequers_jeans, uniq_pikel
D:9:      layout_rooms, mainiacjoe_overflow_24_doors
D:10:     layout_loops_corners, orc_0_dummy
D:11:     layout_irregular_city, lair_entry_dummy, eino_tiny_chamber,
          lightli_fourway_metalbox
D:12:     layout_irregular_city, gauntlet_entry_generic
D:13:     minmay_the_grid_octo_2x2 [minmay_the_grid_octo_checkerflower,
          minmay_the_grid_octo_horde, minmay_the_grid_octo_fan_narrow,
          minmay_the_grid_octo_prize_star], layout_stronghold, david_vaults_4
Temple:   compressed_dpeg_triangle_lava_temple
Lair:1:   layout_chaotic_city, hellmonk_guarded_unrand_vines,
          infiniplex_staircase_pool_2
Lair:2:   layout_cave_pods, minmay_snake_entry_guardpost_small,
          serial_bayou_crossing
Lair:3:   layout_loops_ring, chequers_serial_rivers_micro_b
Lair:4:   layout_roguey [special_room_bee], swamp_mist, lemuel_fruit_fields
Lair:5:   layout_gridlike, slime_altar_1, serial_bayou_shore_b,
          grunt_megastairs_5, serial_bayou_shore_a, uniq_nessos

Skill      XL: |  1  2  3  4  5  6  7  8  9 10 11 12 13 |
---------------+----------------------------------------+-----
Fighting       | 3 4 5 6 8 9 10 | 10.9
Throwing       | 1 2 3 4 5 6 7 8 9 |  9.3
Dodging        | 3 4 5 6 8 9 |  9.2
Unarmed Combat | 4 5 6 7 8 |  8.5
Maces & Flails | 1 5 7 9 |  9.0
Armour         | 3 4 |  4.1
Shields        | 3 5 |  5.5

Action                   |  1- 3 |  4- 6 |  7- 9 | 10-12 | 13-15 || total
-------------------------+-------+-------+-------+-------+-------++-------
Melee: Unarmed           |   107 |   111 |   384 |   154 |       ||   756
       Punch             |     1 |     2 |    12 |    34 |       ||    49
       Morningstar       |       |       |       |   349 |   228 ||   577
Throw: Stone             |       |     6 |       |     6 |       ||    12
       Large rock        |       |       |       |    16 |    10 ||    26
Invok: Berserk           |       |       |     3 |    13 |     4 ||    20
  Use: Scroll            |       |     5 |     9 |    18 |     4 ||    36
       Potion            |       |       |     1 |     2 |       ||     3
 Stab: Sleeping          |     1 |       |     1 |     1 |     1 ||     4
       Paralysed         |       |       |       |       |     1 ||     1
Armor: Animal skin       |    49 |    36 |   127 |    59 |       ||   271
       Troll leather arm |       |       |       |   103 |   109 ||   212
Dodge: Dodged            |    72 |    39 |   270 |   320 |   124 ||   825
Block: Other             |       |       |       |    11 |       ||    11
       Reflection        |       |       |       |     1 |       ||     1
       Kite shield       |       |       |       |    81 |   130 ||   211

Table legend: (Time is in decaauts)
 A = Elapsed time spent in this place.
 B = Non-inter-level travel time spent in this place.
 C = Inter-level travel time spent in this place.
 D = Time resting spent in this place.
 E = Time spent auto-exploring this place.
 F = Levels seen in this place.
 G = Mean time per level.
                   A        B        C        D        E       F      G
               +--------+--------+--------+--------+--------+-----+--------+
         Total |  15253 |  14844 |    409 |    928 |   9236 |  22 |  693.3 |
       Dungeon |   9745 |   9407 |    338 |    453 |   6323 |  13 |  749.6 |
        Temple |    423 |    411 |     12 |      0 |    403 |   1 |  423.0 |
          Lair |   3650 |   3591 |     59 |     75 |   2277 |   5 |  730.0 |
       Ossuary |    107 |    107 |      0 |      0 |     43 |   1 |  107.0 |
        Bailey |    795 |    795 |      0 |    352 |    190 |   1 |  795.0 |
      Gauntlet |    531 |    531 |      0 |     46 |      0 |   1 |  531.0 |
               +--------+--------+--------+--------+--------+-----+--------+

Top non-repeatable levels by time:
  Lair:2: 1198 daAuts
    D:11: 1112 daAuts
     D:2: 1077 daAuts
     D:4: 1029 daAuts
    D:12: 938 daAuts
    D:10: 929 daAuts
  Lair:1: 900 daAuts
     D:7: 870 daAuts
  Lair:3: 844 daAuts
     D:3: 800 daAuts
  Bailey: 795 daAuts
     D:6: 707 daAuts
     D:5: 682 daAuts
     D:8: 674 daAuts
  Lair:4: 673 daAuts
